AoeStats
← undercat

Arena

508230813Analyzed
1v1 RM · 11d ago on Sep 21, 2026· 14m 10s· 2 players
Game mode
Random Map
Map size
Tiny (2 player)
Population
200
Speed
Normal
Resources
Standard
Victory
Conquest
Starting age
Dark Age
Ending age
Imperial Age
RankedLock teamsTeams togetherTeam positionsShared explorationLock speedFull tech treeHidden civsTurbo modeCheats
Victory
Defeat
🇹🇼 Berbers · Taiwan
947
+17
🇲🇽 Khmer · Mexico
972
-17
undercat
10:07 Feudal Age
14:02 Castle Age
12:45 Double-Bit Axe
14:09 Horse Collar
PPSH-41
0:28 Loom
12:54 Feudal Age
13:21 Double-Bit Axe
13:18 Horse Collar
Connection lost

Rejoining the realm…

Still unreachable

The connection could not be restored.

Session expired

The server has moved on; the page needs a fresh start.